 Dungeon Crawl Stone Soup version 0.30.1-11-g7821555f0a (webtiles) character file.

Game seed: 3597297657473081586

41 lonewolfV2 the Trooper (level 3, -5/27 HPs)
             Began as an Octopode Fighter on Dec 6, 2023.
             Slain by a gnoll
             ... wielding a +0 club
              (9 damage)
             ... on level 2 of the Dungeon.
             The game lasted 00:02:08 (1224 turns).

lonewolfV2 the Trooper (Octopode Fighter)           Turns: 1224, Time: 00:02:09

Health: -5/27      AC:  1    Str: 17    XL:     3   Next: 52%
Magic:  3/3        EV: 13    Int: 10    God:
Gold:   129        SH:  0    Dex: 11    Spells: 2/2 levels left

rFire   . . .        a - +2 war axe
rCold   . . .        b - +1 buckler
rNeg    . . .        (helmet restricted)
rPois   +            i - amulet of the acrobat
rElec   .            k - ring of poison resistance
rCorr   .            (no ring)
SInv    .            (no ring)
Will    .....        (no ring)
Stlth   ++           (no ring)
HPRegen 0.24/turn    (no ring)
MPRegen 0.08/turn    (no ring)
                     (no ring)

%: acrobat
@: confused, ambrosia-drunk
A: almost no armour, amphibious, 8 rings, camouflage 1, gelatinous body 1,
(nimble swimmer 1), tentacles
a: no special abilities


You were on level 2 of the Dungeon.
You visited 1 branch of the dungeon, and saw 2 of its levels.

You collected 129 gold pieces.

Inventory:

Hand Weapons
 a - a +2 war axe (weapon)
Armour
 b - a +1 buckler (worn)
Jewellery
 i - an amulet of the acrobat (around mantle)
 k - a ring of poison resistance (left tentacle)
Scrolls
 e - a scroll of teleportation
 h - a scroll of blinking {unknown}
 j - a scroll of enchant armour
Potions
 c - a potion of might
 d - a potion of curing {unknown}
 f - a potion of cancellation {unknown}


   Skills:
 + Level 3.7 Fighting
 + Level 3.0 Axes
 - Level 3.0 Dodging
 - Level 3.0 Shields


You had 2 spell levels left.
You didn't know any spells.
Your spell library contained the following spells:

 Spells                   Type           Power      Damage    Failure   Level
 Sublimation of Blood     Necr           0%         N/A       58%         2
 Petrify                  Tmut/Erth      0%         N/A       99%         4
 Irradiate                Conj/Tmut      0%         3d11      100%        5


Dungeon Overview and Level Annotations

Branches:
Dungeon (2/15)

Altars:


Innate Abilities, Weirdness & Mutations

You cannot wear most types of armour.
You are amphibious.
You can wear up to eight rings at the same time.
Your skin changes colour to match your surroundings (Stealth+).
Your rubbery body absorbs attacks. (AC +1, EV +1)
((You are camouflaged when in or above water. (Stealth+)))
You have tentacles for arms and can constrict up to eight enemies at once.


Message History

A dart slug comes into view.
You see here a rat corpse.
A dart slug is nearby!
A dart slug is nearby!
A dart slug is nearby!
The dart slug completely misses you.
You slash the dart slug!
You kill the dart slug!
You see here a dart slug corpse.
Key pressed, stopping explore.
Key pressed, stopping explore.
A gnoll comes into view. It is wielding a +0 flail.
A gnoll is nearby!
A gnoll is nearby!
A gnoll is nearby! 3 gnolls come into view.
You see here 11 gold pieces.
The helpless gnoll fails to defend itself.
You hit the gnoll but do no damage. Your grab misses the gnoll.
You squeeze the gnoll!
The gnoll is severely wounded.
The helpless gnoll fails to defend itself.
You hit the gnoll but do no damage.
The gnoll shouts!
You hear a shout!
The gnoll hits you with a +0 club. The gnoll hits you with a +0 flail!
The gnoll shouts!
You hit the gnoll.
You kill the gnoll!
You slash the gnoll! The gnoll completely misses you.
The gnoll hits you with a +0 club.
A hobgoblin comes into view.
The gnoll hits you from afar with a +0 spear!
* * * LOW HITPOINT WARNING * * *
Your Axes skill increases to level 3!
You are confused.
You feel invigorated.
The gnoll hits you from afar with a +0 spear.
* * * LOW HITPOINT WARNING * * *
The gnoll hits you with a +0 club!
You die...

#.###.##.## g#
#........# .#
####...### .#
###.†.### .# #.......#
g# #.......## ##g#
#........# #)g#
##....##.# ##@##
#....#..#
####...#######.##....#
+.....................
####...#.#####.###...#
##.##.# #.###...#
####.# #.......# #.#
#####.### #.# #.# #.#
#.#


You could see 3 gnolls and a hobgoblin.

Vanquished Creatures
  A gnoll (D:2)
  A dart slug (D:2)
  3 ball pythons (D:1)
  3 bats
  2 endoplasms (D:1)
  A giant cockroach (D:1)
  3 hobgoblins
  2 quokkas (D:1)
  A frilled lizard (D:1)
  3 goblins (D:1)
  3 kobolds
  2 rats (D:2)
25 creatures vanquished.

Notes
Turn   | Place    | Note
-------+----------+-------------------------------------------
     0 | D:1      | lonewolfV2 the Octopode Fighter began the quest for the
                  | Orb.
     0 | D:1      | Reached XP level 1. HP: 16/16 MP: 1/1
   159 | D:1      | Reached XP level 2. HP: 21/21 MP: 2/2
   952 | D:2      | Reached XP level 3. HP: 24/26 MP: 3/3
  1224 | D:2      | Slain by a gnoll

Illustrated notes

Levels and vault maps discovered:
D:1:      nicolae_arrival_somewhat_less_tricky_arrival, layout_basic,
          minmay_split_cup_large
D:2:      layout_loops_corners, dilly_ecumenical_altar_fadedgnrine,
          minmay_misc_feat_tower, grunt_ministairs_12

Skill      XL: |  1  2  3 |
---------------+----------+-----
Axes           | 3 |  3.0
Fighting       | |  3.7
Dodging        | |  3.0
Shields        | |  3.0

Action                     || total
---------------------------++-------
  Melee: War axe           ||    46
         Constrict         ||    13
         Tentacles         ||     9
    Use: Scroll            ||     5
         Potion            ||     1
   Stab: Sleeping          ||     3
 Armour: Skin              ||     7
  Dodge: Dodged            ||    22
  Block: Buckler           ||    16
